 Dungeon Crawl Stone Soup version 0.21-a0-238-geb0acef (webtiles) character file.

3172 JackS81 the Covert (level 9, -3/68 HPs)
             Began as a Naga Enchanter on Sept 2, 2017.
             Was a Priest of Yredelemnul.
             Shot with an arrow by a centaur (11 damage)
             ... on level 8 of the Dungeon.
             The game lasted 00:50:34 (6573 turns).

JackS81 the Covert (Naga Enchanter)                 Turns: 6573, Time: 00:50:35

Health: -3/68      AC:  6    Str: 16    XL:     9   Next: 94%
Magic:  1/12       EV: 10    Int: 21    God:    Yredelemnul [***...]
Gold:   451        SH:  0    Dex: 12    Spells: 1/12 levels left

rFire    + . .     SeeInvis +   i - +3 short sword (elec)
rCold    + . .     Gourm    .   (no shield)
rNeg     . . .     Faith    .   B - +2 robe {rC+ rF+}
rPois    +         Spirit   .   (no helmet)
rElec    .         Reflect  .   (no cloak)
rCorr    .         Harm     .   (no gloves)
MR       +....                  (no barding)
Stlth    +++++.....             (no amulet)
HPRegen  0.21/turn              o - +5 ring of strength
MPRegen  0.13/turn              s - +3 ring of intelligence

@: about to teleport, very slightly contaminated, very slow
A: see invisible, deformed body, poison resistance, slowness 2, slow metabolism
1, spit poison 1, AC +3
a: Spit Poison, Recall Undead Slaves, Injury Mirror, Animate Dead, Renounce
Religion


You were on level 8 of the Dungeon.
You worshipped Yredelemnul.
Yredelemnul was most pleased with you.
You were hungry.

You visited 1 branch of the dungeon, and saw 8 of its levels.

You collected 451 gold pieces.

Inventory:

Hand Weapons
 a - a +1 dagger
 i - a +3 short sword of electrocution (weapon)
Missiles
 e - 72 sling bullets
 f - 263 stones (quivered)
 n - 59 poisoned needles
 v - 43 bolts
 x - 59 arrows
Armour
 b - a +0 robe
 A - a +1 leather armour of fire resistance
 B - a +2 robe of resistance (worn)
 F - a +3 scale mail of cold resistance
Magical Staves
 G - an uncursed staff of cold
 N - an uncursed staff of cold
Jewellery
 o - a +5 ring of strength (left hand)
 s - a +3 ring of intelligence (right hand)
 z - an uncursed ring of fire
 C - a +3 ring of strength
Wands
 u - a wand of polymorph (0/24)
 y - a wand of random effects (8/48)
 I - a wand of paralysis (11/24)
Scrolls
 h - 2 scrolls of identify
 j - a scroll of enchant armour
 k - a scroll of silence {unknown}
 l - 3 scrolls of remove curse
 q - a scroll of enchant weapon
 w - 2 scrolls of immolation
 K - 2 scrolls of fog {unknown}
 L - a scroll of magic mapping {unknown}
Potions
 m - 2 potions of agility
 p - 2 potions of curing
 r - a potion of might
 D - a potion of flight {unknown}
 E - a potion of brilliance
 O - 2 potions of mutation {unknown}
 P - a potion of magic {unknown}
Books
 c - a book of Maledictions

   Spells                             Type                      Level
   a - Corona                         Hexes                        1
   b - Ensorcelled Hibernation        Hexes/Ice                    2
   c - Confuse                        Hexes                        3
   d - Tukima's Dance                 Hexes                        3
   e - Dazzling Spray                 Conjuration/Hexes            3
 J - a book of Minor Magic

   Spells                             Type                      Level
   a - Magic Dart                     Conjuration                  1
   b - Blink                          Translocation                2
   c - Call Imp                       Summoning                    2
   d - Slow                           Hexes                        2
   e - Conjure Flame                  Conjuration/Fire             3
   f - Mephitic Cloud                 Conjuration/Poison/Air       3
Comestibles
 d - 3 bread rations
 t - 4 meat rations
 H - 3 fruits
 M - a chunk of flesh


   Skills:
 * Level 9.4 Short Blades
 * Level 2.8 Dodging
 + Level 11.0 Stealth
 - Level 2.0 Spellcasting
 - Level 2.4 Conjurations
 + Level 4.7 Hexes
 - Level 2.0 Ice Magic
 - Level 2.0 Poison Magic
 * Level 3.9 Invocations


You had one spell level left.
You knew the following spells:

 Your Spells              Type           Power        Failure   Level  Hunger
a - Corona                Hex            ###....      2%          1    #......
b - Ensorcelled Hibernat  Hex/Ice        ###...       5%          2    ##.....
c - Blink                 Tloc           N/A          22%         2    ##.....
d - Mephitic Cloud        Conj/Pois/Air  #.......     24%         3    ###....
e - Confuse               Hex            ###.....     6%          3    ###....


Dungeon Overview and Level Annotations

Branches:
Dungeon (8/15)             Temple (0/1) D:4
   Lair: D:8-11

Altars:
Dithmenos
Fedhas
Gozag
Ru
Yredelemnul


Innate Abilities, Weirdness & Mutations

You cannot wear boots.
Your serpentine skin is tough. (AC +3)
You have supernaturally acute eyesight. (SInv)
Armour fits poorly on your strangely shaped body.
Your system is resistant to poisons. (rPois)
You cover ground very slowly.
You have a slow metabolism.
You can spit poison.


Message History

The centaur shoots an arrow.
The arrow hits you. The phantom hits you.
* * * LOW HITPOINT WARNING * * *
The phantom blinks!
Things that are here:
an uncursed shortbow; 13 arrows The centaur shoots an arrow.
The arrow hits you.
* * * LOW HITPOINT WARNING * * *
The centaur shoots an arrow.
The arrow hits you!
* * * LOW HITPOINT WARNING * * *
You see here an arrow.
Casting: Mephitic Cloud
Confirm with . or Enter, or press ? or * to list all spells.
You don't have enough magic to cast that spell.
As you read the scroll of teleportation, it crumbles to dust.
You feel strangely unstable.
The centaur shoots an arrow.
The arrow completely misses you.
The centaur shoots an arrow.
The arrow hits you!
You die...
Your body rises from the dead as a mindless zombie.

#...............##.#......
#.######...........#......
#.........................
#..#####################..
#..###.....## ####. ## ..
#..##.......###... .#
#..#...#.#.(.##..# .#
#..#..##.##..###.####.#
#^......#....@(...[#§.
#..#).##.##..##)####.##
##.#...#.#...##..(†#..#
#.##.......###..#c...#
#.###.....## ####.#### #.#
####### #.# #.# .#. #. .#
c .. ..


You could see a centaur.

Vanquished Creatures
  A centaur warrior (D:8)
  A troll (D:8)
  A hungry ghost (D:7)
  Edmund (D:4)
  A water moccasin (D:8)
  An ice beast (D:7)
  2 sky beasts
  An orc warrior (D:6)
  A phantom (D:4)
  An ogre (D:6)
  2 bullfrogs
  2 scorpions
  2 howler monkeys
  2 crimson imps
  2 bullfrog zombies
  A jelly (D:6)
  An orc priest (D:3)
  6 hounds
  10 orc wizards
  A centaur skeleton (D:8)
  Ijyb (D:3)
  Natasha (twice) (D:3)
  2 iguanas
  2 worker ants (D:4)
  A hound skeleton (D:8)
  2 river rats (D:5)
  5 adders
  2 oozes
  2 adder skeletons
  2 worms
  2 dart slugs
  5 leopard geckos
  25 orcs
  2 ball pythons
  7 giant cockroaches
  4 goblins
  14 hobgoblins
  4 jackals (D:1)
  5 quokkas
  A ball python skeleton (D:4)
  A ball python zombie (D:6)
  9 bats
  5 frilled lizards
  A giant cockroach zombie (D:5)
  A jackal skeleton (D:4)
  9 kobolds
  18 rats
174 creatures vanquished.

Vanquished Creatures (collateral kills)
  A bullfrog (D:6)
  An orc wizard (D:6)
  An adder (D:6)
  3 orcs (D:6)
  A jackal (D:6)
  9 rats (D:5)
16 creatures vanquished.

Vanquished Creatures (others)
  A centaur zombie (D:8)
  An ogre zombie (D:6)
  A howler monkey zombie (D:8)
  A scorpion zombie (D:5)
  An orc zombie (D:5)
  A fungus (D:8)
6 creatures vanquished.

Grand Total: 196 creatures vanquished

Notes
Turn   | Place    | Note
-------+----------+-------------------------------------------
     0 | D:1      | JackS81 the Naga Enchanter began the quest for the Orb.
     0 | D:1      | Reached XP level 1. HP: 15/15 MP: 3/3
   274 | D:1      | Reached XP level 2. HP: 18/22 MP: 5/5
   287 | D:1      | Learned a level 2 spell: Ensorcelled Hibernation
  1252 | D:1      | Reached skill level 5 in Stealth
  1281 | D:1      | Reached XP level 3. HP: 27/28 MP: 3/6
  1859 | D:2      | Reached XP level 4. HP: 31/36 MP: 7/7
  1979 | D:2      | You fall through a shaft!
  2002 | D:3      | Found a blossoming altar of Fedhas.
  2028 | D:3      | Noticed Ijyb
  2078 | D:3      | Killed Ijyb
  2078 | D:3      | Reached skill level 1 in Ice Magic
  2145 | D:3      | Reached skill level 6 in Stealth
  2145 | D:3      | Reached XP level 5. HP: 28/42 MP: 0/8
  2454 | D:3      | Noticed Natasha
  2458 | D:3      | Killed Natasha
  2624 | D:3      | Noticed Natasha
  2704 | D:3      | Killed Natasha
  2704 | D:3      | Reached XP level 6. HP: 22/49 MP: 2/9
  2975 | D:4      | Found a basalt altar of Yredelemnul.
  2987 | D:4      | Became a worshipper of Yredelemnul the Dark
  2999 | D:5      | Entered Level 5 of the Dungeon
  3017 | D:5      | Reached skill level 7 in Stealth
  3156 | D:4      | Found a sacrificial altar of Ru.
  3233 | D:4      | Noticed Edmund
  3402 | D:4      | Killed Edmund
  3402 | D:4      | Reached skill level 8 in Stealth
  3402 | D:4      | Reached XP level 7. HP: 14/55 MP: 7/10
  3739 | D:4      | Found a shadowy altar of Dithmenos.
  3770 | D:4      | Found a staircase to the Ecumenical Temple.
  3835 | D:4      | Learned a level 2 spell: Blink
  3839 | D:4      | Learned a level 3 spell: Mephitic Cloud
  3985 | D:4      | Reached skill level 9 in Stealth
  4190 | D:5      | Reached * piety under Yredelemnul
  4314 | D:5      | Got a faintly humming plate armour
  4315 | D:5      | Identified the cursed +1 plate armour of the Circus Animal {+Fly} (You found it on level 5 of the Dungeon)
  4457 | D:5      | Reached skill level 5 in Short Blades
  4504 | D:5      | Reached skill level 1 in Conjurations
  4776 | D:6      | Reached skill level 1 in Invocations
  4776 | D:6      | Reached XP level 8. HP: 62/62 MP: 11/11
  4978 | D:6      | Reached ** piety under Yredelemnul
  5480 | D:6      | Found an opulent altar of Gozag.
  5685 | D:7      | Reached skill level 1 in Poison Magic
  5685 | D:7      | Reached XP level 9. HP: 68/68 MP: 7/12
  6169 | D:7      | Learned a level 3 spell: Confuse
  6456 | D:8      | Reached *** piety under Yredelemnul
  6520 | D:8      | Noticed a centaur warrior
  6525 | D:8      | Killed a centaur warrior
  6525 | D:8      | Reached skill level 10 in Stealth
  6541 | D:8      | Noticed a troll
  6567 | D:8      | Killed a troll
  6567 | D:8      | Reached skill level 11 in Stealth
  6573 | D:8      | Shot with an arrow by a centaur

Vault maps used:
D:1:      dpeg_arrival_brainrot
D:2:      st_stairs_14, minmay_tetromino_i2
D:3:      fedhas_altar_1, uniq_natasha, uniq_ijyb
D:4:      nicolae_overflow_hidden_temple, lemuel_doored_altar,
          nicolae_ru_sacrificial_ziggurat, minmay_temple_entry_purple_smoke,
          first_bread, uniq_edmund
D:5:      dk_rats_in_the_wall
D:6:      lemuel_tele_altar
D:7:      st_stairs_13
D:8:      grunt_temple_overflow_open, grunt_lair_entry_orc_guard_hut,
          minmay_the_grid_2x2, uniq_erica, uniq_maurice

Skill      XL: |  1  2  3  4  5  6  7  8  9 |
---------------+----------------------------+-----
Stealth        | 5 6 8 9 11 | 11.0
Short Blades   | 2 3 4 5 8 9 |  9.4
Ice Magic      | 1 2 |  2.0
Hexes          | 4 |  4.7
Conjurations   | 1 2 |  2.4
Invocations    | 1 2 3 |  3.9
Poison Magic   | 1 2 |  2.0
Dodging        | 2 |  2.8
Spellcasting   | |  2.0

Action                   |  1- 3 |  4- 6 |  7- 9 || total
-------------------------+-------+-------+-------++-------
Melee: Dagger            |    40 |       |       ||    40
       Short sword       |    65 |    94 |   223 ||   382
       Unarmed           |       |    19 |       ||    19
Throw: Stone             |    13 |     6 |     3 ||    22
 Cast: Corona            |    15 |     6 |     4 ||    25
       Ensorcelled Hiber |    12 |    17 |    25 ||    54
       Blink             |       |       |     2 ||     2
       Confuse           |       |       |     1 ||     1
       Mephitic Cloud    |       |       |     1 ||     1
Invok: Animate Remains   |       |       |     6 ||     6
       Animate Dead      |       |       |     1 ||     1
 Abil: Spit Poison       |       |     1 |       ||     1
Evoke: Wand              |       |     4 |     2 ||     6
  Use: Potion            |       |     2 |     7 ||     9
       Scroll            |       |       |    12 ||    12
 Stab: Sleeping          |    11 |    15 |    38 ||    64
  Eat: Chunk             |     3 |     5 |     8 ||    16
       Meat ration       |       |       |     1 ||     1
       Fruit             |       |       |     1 ||     1
Armor: Robe              |    18 |    17 |    46 ||    81
       Skin              |       |     4 |       ||     4
       Scale mail        |       |       |     1 ||     1
Dodge: Dodged            |    53 |    56 |    87 ||   196

Table legend:
 A = Spawn XP
 B = Non-spawn XP
 C = Spawn XP percentage of total XP
 D = Spawn monster count
 E = Non-spawn monster count
 F = Spawn count percentage of total count
 G = Total turns spent on level
                    A         B        C        D         E        F      G
               +---------+---------+-------+---------+---------+-------+---------
         Total |     408 |    4124 |   9.0 |      35 |     155 |  18.4 |  6573
               +---------+---------+-------+---------+---------+-------+---------
           D:1 |      28 |      35 |  44.4 |      16 |      20 |  44.4 |  1686
           D:2 |       0 |      28 |   0.0 |       0 |      10 |   0.0 |   293
           D:3 |      46 |     222 |  17.2 |       3 |      20 |  13.0 |   965
           D:4 |     214 |     366 |  36.9 |      11 |      13 |  45.8 |  1110
           D:5 |      13 |     228 |   5.4 |       1 |      36 |   2.7 |   719
           D:6 |      63 |     806 |   7.2 |       2 |      27 |   6.9 |   776
           D:7 |      44 |     773 |   5.4 |       2 |      14 |  12.5 |   866
           D:8 |       0 |    1666 |   0.0 |       0 |      15 |   0.0 |   158
               +---------+---------+-------+---------+---------+-------+---------
